 Dungeon Crawl Stone Soup version 0.21.1-1-g345015f (webtiles) character file.

71 goulibeur the Unweaver (level 4, 0/35 HPs)
             Began as a Demonspawn Abyssal Knight on July 11, 2018.
             Was a Follower of Lugonu.
             Succumbed to a gnoll's poison
             ... on level 2 of the Dungeon.
             The game lasted 00:05:48 (1473 turns).

goulibeur the Unweaver (Demonspawn Abyssal Knight)  Turns: 1473, Time: 00:05:49

Health: 0/35       AC: 15    Str: 12    XL:     4   Next: 5%
Magic:  6/7        EV: -1    Int: 14    God:    Lugonu [*.....]
Gold:   119        SH:  0    Dex: 13    Spells: 3/3 levels left

rFire    + . .     SeeInvis .   a - +1 short sword
rCold    + . .     Gourm    .   (no shield)
rNeg     . . .     Faith    .   m - +0 gold dragon scales
rPois    +         Spirit   .   (no helmet)
rElec    .         Reflect  .   (no cloak)
rCorr    .         Harm     .   (no gloves)
MR       .....                  (no boots)
Stlth    ..........             (no amulet)
HPRegen  0.11/turn              (no ring)
MPRegen  0.10/turn              (no ring)

@: lethally poisoned (0 -> -2)
A: hooves 1, iridescent scales 1, spiny 1
a: Depart the Abyss, Renounce Religion


You were on level 2 of the Dungeon.
You worshipped Lugonu.
Lugonu was aware of your devotion.
You were not hungry.

You visited 1 branch of the dungeon, and saw 2 of its levels.
You visited the Abyss 1 time.

You collected 119 gold pieces.

Inventory:

Hand Weapons
 a - a +1 short sword (weapon)
Armour
 b - a +0 leather armour
 f - a +0 ring mail
 i - a +0 chain mail
 m - +0 gold dragon scales (worn)
Scrolls
 e - a scroll of enchant weapon {unknown}
 g - a scroll of identify {unknown}
 h - 2 scrolls of enchant armour {unknown}
 j - a scroll of fear {unknown}
Potions
 k - 2 potions of curing {unknown}
 l - a potion of agility {unknown}
Comestibles
 c - 3 rations


   Skills:
 + Level 3.4 Fighting
 - Level 1.7 Short Blades
 + Level 2.3 Armour
 + Level 1.7 Dodging
 * Level 4.0 Invocations


You had 3 spell levels left.
You didn't know any spells.

Dungeon Overview and Level Annotations

Branches:
Dungeon (2/15)

Altars:
Sif Muna
Yredelemnul

Annotations:
D:2 2 transporters


Innate Abilities, Weirdness & Mutations

You have large cloven feet.
You are partially covered in iridescent scales. (AC +2)
You are partially covered in sharp spines.


Message History

You have reached level 4!
You feel clever.
Your demonic ancestry asserts itself...
Sharp spines emerge from parts of your body.
The gnoll hits you from afar with a spear.
* * * LOW HITPOINT WARNING * * *
You feel sick.
You feel sick.
The gnoll hits you from afar with a spear.
* * * LOW HITPOINT WARNING * * *
You feel sick. The gnoll hits you but does no damage.
The hobgoblin hits you but does no damage.
The gnoll hits you but does no damage.
The gnoll hits you from afar with a spear.
* * * LOW HITPOINT WARNING * * *
The hobgoblin is struck by your spines.
The hobgoblin hits you but does no damage.
The gnoll hits you but does no damage.
The hobgoblin hits you but does no damage.
The gnoll hits you but does no damage. x2
You die...

##### ##...##
##.gg.@##
#..g....###
#..._...).#
...#.......#)#
.. ##.....##.#
#.# ##...##gg#
##.. ######.##
###.#### #..
#####...###
#....... #.#
#.........###
#.......


You could see 2 gnolls and a hobgoblin.

Vanquished Creatures
  2 gnolls (D:2)
  An ooze (D:1)
  3 dart slugs
  A leopard gecko (D:2)
  4 bats
  A giant cockroach (D:1)
  2 goblins (D:1)
  7 hobgoblins
  9 kobolds
  4 frilled lizards (D:1)
  5 rats
39 creatures vanquished.

Notes
Turn   | Place    | Note
-------+----------+-------------------------------------------
     0 | Abyss:1  | goulibeur the Demonspawn Abyssal Knight began the quest for the Orb.
     0 | Abyss:1  | Reached XP level 1. HP: 18/18 MP: 2/2
    59 | Abyss:1  | Noticed a shadow
    61 | D:1      | Escaped the Abyss
   103 | D:1      | Reached skill level 1 in Dodging
   125 | D:1      | Reached * piety under Lugonu
   125 | D:1      | Reached skill level 3 in Invocations
   125 | D:1      | Gained mutation: You are partially covered in iridescent scales. (AC +2) [demonic ancestry]
   125 | D:1      | Reached XP level 2. HP: 20/24 MP: 2/4
   592 | D:1      | Gained mutation: You have large cloven feet. [demonic ancestry]
   592 | D:1      | Reached XP level 3. HP: 24/29 MP: 5/5
   939 | D:2      | Found a deep blue altar of Sif Muna.
   943 | D:2      | Found a transporter.
   952 | D:2      | Noticed a centaur
   955 | D:2      | Found a transporter.
  1442 | D:2      | Found a basalt altar of Yredelemnul.
  1459 | D:2      | Reached skill level 4 in Invocations
  1459 | D:2      | Gained mutation: You are partially covered in sharp spines. [demonic ancestry]
  1459 | D:2      | Reached XP level 4. HP: 7/35 MP: 5/7
  1471 | D:2      | HP: 1/35 [gnoll/spear (2)]
  1473 | D:2      | Succumbed to a gnoll's poison

Skill      XL: |  1  2  3 |
---------------+----------+-----
Dodging        | 1 |  1.7
Invocations    | 3 4 |  4.0
Armour         | 2 |  2.3
Fighting       | |  3.4
Short Blades   | |  1.7

Action                   |  1- 3 |  4- 6 || total
-------------------------+-------+-------++-------
Melee: Short sword       |   167 |       ||   167
       Kick              |    19 |       ||    19
Invok: Depart the Abyss  |     1 |       ||     1
  Eat: Chunk             |     2 |       ||     2
Armor: Leather armour    |     3 |       ||     3
       Chain mail        |    85 |       ||    85
       Ring mail         |     1 |       ||     1
       Gold dragon scale |    67 |     7 ||    74
Dodge: Dodged            |    53 |       ||    53
